 Dungeon Crawl Stone Soup version 0.17-a0-1011-gfa70bdd (webtiles) character file.

145321 RobertPalmer the Black Belt (level 17, -11/127 HPs)
             Began as an Octopode Transmuter on May 12, 2015.
             Was the Champion of Makhleb.
             Shot with a bolt by a naga sharpshooter (30 damage)
             ... on level 3 of the Snake Pit on May 13, 2015.
             The game lasted 01:55:06 (37182 turns).

RobertPalmer the Black Belt (Octopode Transmuter)  Turns: 37182, Time: 01:55:06

Health: -11/127    AC: 13    Str: 10    XL:     17   Next: 12%
Magic:  25/25      EV: 31    Int: 20    God:    Makhleb [******]
Gold:   109        SH:  0    Dex: 23    Spells: 4 memorised, 5 levels left

rFire  + . .     SeeInvis +       - Unarmed
rCold  . . .     Clarity  .     (no shield)
rNeg   . . .     SustAb   .     m - +2 hat
rPois  .         Gourm    +     P - amulet of the gourmand {Gourm, !d}
rElec  .         Spirit   .     r - ring of stealth {Stlth+}
rCorr  .         Warding  .     j - +4 ring of protection
rMut   .         Stasis   .     Z - +6 ring of protection
MR     ++...                    R - ring of stealth {Stlth+}
Stlth  ++++++....               u - ring of protection from magic {MR+, !d}
                                K - +6 ring of slaying
                                X - +4 ring of intelligence
                                T - ring of see invisible {sInv, !d}

@: agile, lethally poisoned (-11 -> -13), studying Ice Magic, very resistant to
hostile enchantments, very stealthy
A: almost no armour, amphibious, 8 rings, constrict 8, camouflage 1, blink 1,
fire resistance 1, regeneration 1, wild magic 1, gelatinous body 1
a: Blink, Minor Destruction, Lesser Servant of Makhleb, Major Destruction,
Greater Servant of Makhleb, Renounce Religion
}: 1/15 runes: serpentine


You were on level 3 of the Snake Pit.
You worshipped Makhleb.
Makhleb was exalted by your worship.
You were very hungry.

You visited 4 branches of the dungeon, and saw 28 of its levels.
You also visited: Ice Cave.

You collected 2616 gold pieces.
You spent 2048 gold pieces at shops.

Inventory:

Hand weapons
 b - the +5 blowgun of the Special Souls {evade, Int+4 Stlth+}
   (You took it off a naga on level 1 of the Snake Pit)

   It affects your evasion (+5 to EV).
   It affects your intelligence (+4).
   It makes you more stealthy.
Missiles
 i - 785 stones (quivered)
 t - 4 tomahawks of dispersal {=f}
 w - 116 poisoned needles
 y - 3 throwing nets {=f, !d}
 B - 330 arrows
Armour
 m - a +2 hat (worn)
   (You found it on level 2 of the Dungeon)
Jewellery
 a - a cursed ring of teleportation {+/*tele, !d}
   (You found it on level 4 of the Dungeon)
 e - an uncursed ring of positive energy {rN+}
   (You found it on level 6 of the Dungeon)
 j - a +4 ring of protection (right tentacle)
   (You took it off an orc on level 5 of the Dungeon)
 r - a ring of stealth (left tentacle) {Stlth+}
   (You found it on level 3 of the Dungeon)
 u - a ring of protection from magic (on tentacle) {MR+, !d}
   (You took it off an orc on level 7 of the Dungeon)
 G - an uncursed ring of teleport control {cTele, !d}
   (You acquired it on level 8 of the Dungeon)
 H - an uncursed ring of positive energy {rN+}
   (You found it on level 3 of the Snake Pit)
 K - a +6 ring of slaying (on tentacle)
   (You found it on level 9 of the Dungeon)
 P - an amulet of the gourmand (around mantle) {Gourm, !d}
   (You found it on level 1 of the Snake Pit)
 Q - an uncursed ring of sustain abilities {SustAb}
   (You found it on level 2 of the Lair of Beasts)
 R - a ring of stealth (on tentacle) {Stlth+}
   (You found it on level 5 of the Lair of Beasts)
 T - a ring of see invisible (on tentacle) {sInv, !d}
   (You found it on level 3 of the Lair of Beasts)
 X - a +4 ring of intelligence (on tentacle)
   (You found it on level 6 of the Lair of Beasts)
 Y - an uncursed amulet of clarity {Clar, !d}
   (You found it on level 4 of the Lair of Beasts)
 Z - a +6 ring of protection (on tentacle)
   (You found it on level 1 of the Snake Pit)
Scrolls
 h - 9 scrolls of immolation {!r}
 k - 15 scrolls of remove curse
 n - 2 scrolls of magic mapping {!r}
 x - a scroll of holy word {!r}
 J - 2 scrolls of recharging
Potions
 q - 2 potions of cancellation
 v - a potion of mutation {!q}
 z - a potion of flight
 C - 2 potions of might
 I - a potion of agility
 M - a potion of curing
 N - a potion of brilliance
 S - a potion of poison {unknown}
Books
 d - a manual of Ice Magic {!d}
   (You found it in an ice cave)
 g - a book of Transfigurations
   (You bought it in a shop on level 4 of the Orcish Mines)
 o - a manual of Ice Magic {!d}
   (You found it in an ice cave)
 p - a book of Summonings
   (You found it on level 8 of the Dungeon)
 s - a book of Changes
 U - a book of Beasts
   (You found it on level 6 of the Lair of Beasts)
Miscellaneous
 O - a plain deck of wonders {drawn: 5}
   (You found it on level 2 of the Lair of Beasts)
 W - a legendary deck of changes {the Mercenary, drawn: 6}
   (You found it on level 8 of the Lair of Beasts)
Comestibles
 c - 7 bread rations {@e1}
 f - 16 meat rations {@e2}
 l - a fruit


   Skills:
 + Level 15.5 Fighting
 - Level 13.2 Dodging
 - Level 16.0 Unarmed Combat
 - Level 2.0 Spellcasting
 - Level 11.1 Transmutations
 - Level 3.7 Ice Magic
 - Level 2.8 Poison Magic
 - Level 11.0 Invocations


You had 5 spell levels left.
You knew the following spells:

 Your Spells              Type           Power        Failure   Level  Hunger
c - Spider Form           Trmt/Pois      #####.....   7%          3    ###....
d - Ignite Poison         Fire/Trmt/Pois ####....     19%         3    ###....
e - Ice Form              Ice/Trmt       #####...     19%         4    #####..
x - Blade Hands           Trmt           ######....   13%         5    ######.


Dungeon Overview and Level Annotations

Branches:
Dungeon (12/15)            Temple (0/1) D:6            Lair (8/8) D:10
 Shoals (0/4) Lair:4        Snake (4/4) Lair:5        Slime (0/6) Lair:6
    Orc (4/4) D:10            Elf (0/3) Orc:3

Altars:
Ashenzari
Elyvilon
Kikubaaqudgha
Makhleb
Nemelex Xobeh
Okawaru
Qazlal
Xom
Zin

Shops:
D:6 *   Orc:1 %   Orc:3 !   Orc:4 [:%?   Snake:3 !   Snake:4 (

Portals:
Pandemonium: Orc:4

Annotations:
D:4 JetFlynn's ghost, average MfIE


Innate Abilities, Weirdness & Mutations

You cannot wear most types of armour.
You are amphibious.
You can wear up to eight rings at the same time.
You can use your tentacles to constrict eight enemies at once.
Your skin changes colour to match your surroundings (Stealth).
Your rubbery body absorbs attacks (AC +1).
You can translocate small distances at will.
Your flesh is heat resistant.
Your natural rate of healing is unusually fast.
Your spells are a little harder to cast, but a little more powerful.


Message History

The naga sharpshooter unwields an uncursed trident.
The naga sharpshooter wields an arbalest.
The naga sharpshooter shoots a bolt.
The bolt misses you.
You take 23 damage, and have 71/127 hp.
You completely miss the naga sharpshooter.
Unknown command.
You slash the naga sharpshooter!
Your squeeze misses the naga sharpshooter.
Your transformation is almost over.
The naga sharpshooter shoots an arrow.
The arrow completely misses you.
You completely miss the naga sharpshooter.
Your squeeze misses the naga sharpshooter.
You feel sick.
The naga sharpshooter casts a spell.
The naga sharpshooter magically shoots a bolt.
The bolt hits you!
You take 16 damage, and have 56/127 hp.
Unknown command.
You slice the naga sharpshooter!! You squeeze the naga sharpshooter.
The naga sharpshooter shoots an arrow.
The arrow hits you!!
* * * LOW HITPOINT WARNING * * *
The naga sharpshooter shoots a bolt.
The bolt hits you!
* * * LOW HITPOINT WARNING * * *
You take 43 damage, and have 13/127 hp.
MASSIVE DAMAGE!!
Read which item? (? for menu, Esc to quit)
Okay, then.
Drink which item? (? for menu, Esc to quit)
Okay, then.
Okay, then.
Drink which item? (? for menu, Esc to quit)
You feel better.
The naga sharpshooter shoots an arrow.
The arrow misses you.
You regained 7 hp, and now have 20/127 hp.
Read which item? (? for menu, Esc to quit)
As you read the scroll of fog, it crumbles to dust.
The scroll dissolves into smoke.
The naga sharpshooter spits poison at you.
The splash of poison misses you.
Drink which item? (? for menu, Esc to quit)
You feel better.
The naga sharpshooter shoots an arrow.
The arrow hits you.
* * * LOW HITPOINT WARNING * * *
You hear a shout!
You take 1 damage, and have 21/127 hp.
You draw a card...
It is Dowsing.
You feel telepathic!
Your tentacles revert to their normal proportions.
Drink which item? (? for menu, Esc to quit)
You feel better.
The naga sharpshooter shoots an arrow.
The arrow hits you!
* * * LOW HITPOINT WARNING * * *
You take 2 damage, and have 20/127 hp.
Drink which item? (? for menu, Esc to quit)
You feel better.
The naga sharpshooter shoots an arrow.
The arrow hits you but does no damage.
You regained 9 hp, and now have 29/127 hp.
Drink which item? (? for menu, Esc to quit)
You feel better.
The naga sharpshooter casts a spell.
The naga sharpshooter magically shoots an arrow.
The arrow hits you!
* * * LOW HITPOINT WARNING * * *
You take 8 damage, and have 21/127 hp.
Drink which item? (? for menu, Esc to quit)
You feel better.
The naga sharpshooter shoots an arrow.
The arrow closely misses you.
You regained 10 hp, and now have 31/127 hp.
You draw a card...
It is the Alchemist.
You feel better. 46 of your gold pieces vanish!
You regained 23 hp, and now have 54/127 hp.
The naga sharpshooter mumbles some strange words.
The naga sharpshooter magically shoots an arrow.
The arrow hits you!!
* * * LOW HITPOINT WARNING * * *
You see here 2 arrows.
You take 22 damage, and have 32/127 hp.
Read which item? (? for menu, Esc to quit)
Okay, then.
Okay, then.
Drink which item? (? for menu, Esc to quit)
You feel agile all of a sudden.
The naga sharpshooter spits poison at you.
The splash of poison hits you!
You are poisoned.
Unknown command.
Unknown command.
You feel sick.
The naga sharpshooter mumbles some strange words.
The naga sharpshooter magically shoots a bolt.
The bolt hits you!
* * * LOW HITPOINT WARNING * * *
The naga sharpshooter spits poison at you.
The splash of poison hits you!
You are more poisoned.
A naga sharpshooter comes into view. It is wielding a hand axe.
Things that are here:
2 bolts; an arrow You take 12 damage, and have 20/127 hp.
You feel sick.
The naga sharpshooter casts a spell.
The naga sharpshooter magically shoots a bolt.
The bolt hits you!!
You die...

.....##....(## #.#............##
##..####<.(## #.#######..###..#
###.# ##.(######.## ##)# ###.
##†# ##NN.......## #.# #. #.##
#.§N§..##...######.## ## #.##
#....(###...........## #
##.#####.....(##.######.....####
#..##.>......(#.# ##........
##.........#..@.# #..#####.
##...###..##...## #..# ## #
#..)# ##...#...## #..# # ##
##...## ##.......## #..# #
.###..#..## ##.......####..# #
#....###..## ##........#...## #
##..## ##..####....##.......# #
##..## ##...#......#......## #
#....## ##...............### #


You could see 3 naga sharpshooters.

Vanquished Creatures
  Donald (Orc:4)
  9 greater nagas
  3 hydras
  Harold (Lair:3)
  18 naga warriors
  7 anacondas
  15 naga sharpshooters
  A ghost crab (shapeshifter) (D:12)
  An ogre mage (Snake:1)
  A death yak (Lair:5)
  8 shock serpents
  4 orc high priests (Orc:4)
  An unseen horror (D:11)
  6 naga ritualists
  An ice statue (IceCv)
  3 hill giants
  A necromancer (IceCv)
  An orc knight (Orc:4)
  4 salamanders
  A cyclops (D:12)
  A putrid demonspawn (Orc:4)
  5 orc sorcerers
  An oklob plant (D:10)
  A wolf spider (Lair:8)
  2 griffons (Lair:6)
  2 elephants (Lair:8)
  6 mana vipers
  21 naga magi
  A torpor snail (Lair:4)
  7 komodo dragons
  28 black mambas
  4 guardian serpents
  18 spiny frogs
  A centaur skeleton (D:10)
  A polar bear (D:9)
  10 freezing wraiths (IceCv)
  2 two-headed ogres
  A troll (Orc:4)
  A merfolk (Lair:4)
  3 blink frogs (Lair:6)
  Sigmund (D:5)
  A spriggan (D:7)
  2 wyverns (Lair:8)
  A hungry ghost (D:12)
  A death yak simulacrum (IceCv)
  4 hippogriffs
  2 basilisks
  24 yaks
  8 wolves
  A warg (Orc:3)
  37 nagas
  6 porcupines
  2 spiders (Lair:8)
  11 ice beasts
  Duvessa (D:5)
  10 water moccasins
  11 orc warriors
  3 sky beasts
  2 wasps
  11 ogres
  11 centaurs
  A necrophage (D:9)
  5 crocodiles
  A brain worm (D:12)
  2 big kobolds
  14 giant frogs
  Dowan (D:5)
  A swamp dragon simulacrum (IceCv)
  7 wights
  3 scorpions
  10 killer bees
  4 electric eels
  14 crimson imps
  A giant frog zombie (D:12)
  5 hounds
  3 jellies
  9 draconian simulacra (IceCv)
  A giant frog skeleton (D:12)
  11 orc priests
  A centaur zombie (D:12)
  A wyvern simulacrum (D:9)
  Jessica (D:2)
  A spriggan simulacrum (IceCv)
  7 iguanas
  11 orc wizards
  4 sheep (Lair:2)
  3 troll simulacra (IceCv)
  18 worker ants
  A polar bear simulacrum (IceCv)
  A wolf simulacrum (IceCv)
  A killer bee zombie (D:8)
  4 centaur simulacra (IceCv)
  A hound zombie (D:5)
  A giant frog simulacrum (D:9)
  A hound skeleton (D:8)
  19 adders
  3 gnolls (D:8)
  A hound simulacrum (D:9)
  2 ogre simulacra (IceCv)
  4 shadow imps
  A naga simulacrum (IceCv)
  16 river rats
  20 white imps
  A worker ant simulacrum (D:9)
  2 oozes
  3 ufetubi (Orc:4)
  An adder skeleton (D:8)
  4 worms
  5 giant geckos
  78 orcs
  2 bat skeletons
  A bat zombie (D:7)
  6 giant cockroaches
  12 goblins
  24 hobgoblins
  10 jackals
  25 kobolds
  8 quokkas
  17 bats
  A giant gecko skeleton (D:6)
  9 giant newts
  A jackal zombie (D:8)
  9 rats
  2 plants
790 creatures vanquished.

Vanquished Creatures (collateral kills)
  Maud (Lair:5)
  Aizul (Snake:1)
  4 hydras
  A catoblepas (Lair:5)
  An anaconda (Snake:1)
  4 death yaks (Lair:5)
  A soul eater (Orc:4)
  2 orc high priests (Orc:4)
  A naga ritualist (Snake:1)
  A gelid demonspawn (Orc:4)
  A torturous demonspawn (Orc:4)
  A wolf spider (Lair:8)
  3 orc knights (Orc:4)
  2 orc sorcerers (Orc:4)
  A griffon (Lair:5)
  A sixfirhy (Orc:4)
  4 elephants (Lair:8)
  3 black mambas
  A siren (Lair:4)
  A guardian serpent (Lair:8)
  A naga mage (Lair:5)
  11 spiny frogs
  An orange demon (Orc:4)
  A fire drake (Lair:5)
  2 smoke demons (Orc:4)
  3 komodo dragons
  A blue devil (Orc:4)
  2 merfolk (Lair:4)
  A blink frog (Lair:6)
  A polar bear (Lair:7)
  A basilisk (Lair:7)
  2 ynoxinuls (Orc:4)
  2 neqoxecs (Orc:4)
  8 yaks
  A wyvern (Lair:8)
  6 wolves (Lair:8)
  12 orc warriors
  11 water moccasins
  2 porcupines
  2 ogres
  A black bear (Lair:5)
  A wasp (Lair:8)
  7 crocodiles
  2 giant frogs (Lair:5)
  3 killer bees (D:7)
  7 orc wizards
  3 iguanas
  12 orc priests
  2 worker ants (Lair:8)
  23 river rats
  6 adders
  7 white imps (Orc:4)
  5 ufetubi (Orc:4)
  An ooze (Lair:6)
  48 orcs
  A hobgoblin (Orc:3)
  A goblin (Orc:3)
  A rat (D:8)
  5 fungi
  A plant (Lair:7)
243 creatures vanquished.

Vanquished Creatures (others)
  A merfolk impaler (Snake:1)
  A blink frog (Lair:6)
  2 nagas
  A water moccasin (Lair:6)
  An orc wizard (Orc:3)
  An ooze (D:3)
  A goblin (D:3)
  2 fungi (Lair:8)
  3 plants
13 creatures vanquished.

Grand Total: 1046 creatures vanquished

Notes
Turn   | Place    | Note
--------------------------------------------------------------
     0 | D:1      | RobertPalmer the Octopode Transmuter began the quest for the Orb.
     0 | D:1      | Reached XP level 1. HP: 13/13 MP: 3/3
   247 | D:1      | Reached XP level 2. HP: 13/18 MP: 1/5
   567 | D:1      | Reached skill level 3 in Transmutations
   704 | D:1      | Learned a level 2 spell: Sticks to Snakes
   794 | D:1      | Reached XP level 3. HP: 14/23 MP: 6/6
  1041 | D:1      | Learned a level 3 spell: Spider Form
  1275 | D:2      | Noticed Jessica
  1297 | D:2      | Killed Jessica
  1297 | D:2      | Reached skill level 2 in Poison Magic
  1323 | D:2      | Reached XP level 4. HP: 26/28 MP: 1/7
  1469 | D:2      | Found a shimmering altar of Xom.
  2247 | D:3      | Found a white marble altar of Elyvilon.
  2332 | D:3      | Reached skill level 3 in Dodging
  2396 | D:3      | Reached XP level 5. HP: 24/33 MP: 6/8
  2785 | D:3      | HP: 8/33 [poisoned by an adder]
  3280 | D:3      | HP: 3/33 [something/puff of flame (13)]
  3712 | D:3      | Found a stormy altar of Qazlal.
  3845 | D:3      | Reached skill level 4 in Dodging
  4189 | D:4      | Reached XP level 6. HP: 27/38 MP: 5/9
  4216 | D:4      | Found a glowing silver altar of Zin.
  4228 | D:4      | Noticed JetFlynn's ghost (average MfIE)
  4397 | D:4      | Reached skill level 5 in Dodging
  5088 | D:4      | Reached skill level 6 in Dodging
  5210 | D:4      | Reached XP level 7. HP: 38/43 MP: 10/10
  5480 | D:5      | Entered Level 5 of the Dungeon
  5511 | D:5      | Learned a level 4 spell: Ice Form
  5528 | D:5      | Reached skill level 4 in Unarmed Combat
  5615 | D:5      | Noticed Duvessa
  5615 | D:5      | Noticed Dowan
  5634 | D:5      | Killed Duvessa
  5671 | D:5      | Killed Dowan
  5671 | D:5      | Reached skill level 5 in Unarmed Combat
  5677 | D:5      | HP: 7/43 [hound zombie (4)]
  5682 | D:5      | HP: 6/43 [poisoned by Dowan]
  6093 | D:5      | Reached XP level 8. HP: 46/48 MP: 7/11
  6175 | D:5      | Got a smoking mace
  6490 | D:5      | Reached skill level 6 in Unarmed Combat
  6894 | D:5      | Reached skill level 7 in Unarmed Combat
  7179 | D:5      | Noticed Sigmund
  7195 | D:5      | Killed Sigmund
  7195 | D:5      | Reached skill level 8 in Unarmed Combat
  7501 | D:6      | Found a burning altar of Makhleb.
  7502 | D:6      | Found Oforen's Evil Emporium.
  7574 | D:6      | Found an iron altar of Okawaru.
  7662 | D:6      | Reached XP level 9. HP: 53/53 MP: 8/12
  7721 | D:6      | Became a worshipper of Makhleb the Destroyer
  7766 | D:6      | Noticed a two-headed ogre
  7934 | D:6      | Reached skill level 9 in Unarmed Combat
  8101 | D:6      | Found a staircase to the Ecumenical Temple.
  8806 | D:7      | Reached skill level 4 in Transmutations
  8975 | D:7      | HP: 13/53 [poisoned by a killer bee]
  8980 | D:7      | HP: 11/53 [poisoned by a killer bee]
  8981 | D:7      | Acquired Makhleb's first power
  8985 | D:7      | HP: 10/53 [poisoned by a killer bee]
  8991 | D:7      | HP: 9/53 [poisoned by a killer bee]
  8999 | D:7      | HP: 8/53 [poisoned by a killer bee]
  9377 | D:7      | Reached skill level 5 in Transmutations
  9757 | D:7      | Reached skill level 6 in Transmutations
 10028 | D:7      | Reached skill level 7 in Transmutations
 10208 | D:8      | HP: 2/53 [yak (14)]
 10220 | D:8      | Reached XP level 10. HP: 4/58 MP: 6/13
 10614 | D:8      | Reached skill level 8 in Transmutations
 10725 | D:8      | Acquired Makhleb's second power
 10815 | D:8      | Identified a scroll of acquirement
 11031 | D:8      | Reached skill level 2 in Ice Magic
 11140 | D:8      | HP: 13/58 [ogre/giant club (11)]
 11529 | D:8      | Reached skill level 3 in Ice Magic
 11626 | D:9      | Noticed a brown ugly thing
 11898 | D:9      | Reached skill level 9 in Transmutations
 11995 | D:9      | Found a sparkling altar of Nemelex Xobeh.
 12012 | D:9      | Found a shattered altar of Ashenzari.
 12047 | D:9      | Learned a level 3 spell: Ignite Poison
 12049 | D:9      | Acquired Makhleb's third power
 12716 | D:9      | Found an ancient bone altar of Kikubaaqudgha.
 12719 | D:9      | Noticed a six-headed hydra
 13002 | D:9      | Reached skill level 10 in Transmutations
 13225 | D:10     | Entered Level 10 of the Dungeon
 13539 | D:10     | Found a staircase to the Orcish Mines.
 13704 | D:10     | Reached skill level 7 in Dodging
 13721 | D:10     | Noticed a hill giant
 13728 | D:10     | Killed a hill giant
 13731 | D:10     | Reached XP level 11. HP: 42/63 MP: 14/14
 13776 | D:10     | Acquired Makhleb's fourth power
 13776 | D:10     | Reached skill level 8 in Dodging
 13778 | D:10     | Noticed an oklob plant
 13779 | D:10     | Found a staircase to the Lair.
 13780 | D:10     | HP: 17/75 [acid (22)]
 14542 | D:11     | Reached skill level 9 in Dodging
 15363 | D:11     | Killed an unseen horror
 15363 | D:11     | Reached skill level 10 in Dodging
 15366 | D:11     | HP: 18/75 [something (5)]
 15369 | D:11     | Gained mutation: Your mind is acute. (Int +2) [potion of mutation]
 15369 | D:11     | Gained mutation: You can translocate small distances at will. [potion of mutation]
 15369 | D:11     | Gained mutation: Your flesh is heat resistant. [potion of mutation]
 15372 | D:11     | HP: 13/75 [something (1)]
 15375 | D:11     | HP: 5/75 [something (5)]
 15692 | D:12     | Acquired Makhleb's fifth power
 15786 | D:12     | Noticed a hill giant
 15790 | D:12     | Killed a hill giant
 15790 | D:12     | Reached skill level 11 in Dodging
 16315 | D:12     | Noticed a ghost crab
 16315 | D:12     | a wind drake changed into a ghost crab
 16323 | D:12     | Killed a ghost crab
 16488 | D:12     | Reached skill level 12 in Dodging
 16615 | D:10     | Noticed a hill giant
 16624 | D:10     | Killed a hill giant
 16624 | D:10     | Reached XP level 12. HP: 68/68 MP: 11/15
 16710 | D:10     | Killed an oklob plant
 16720 | Lair:1   | Entered Level 1 of the Lair of Beasts
 16824 | Lair:1   | Noticed a six-headed hydra
 16999 | Lair:1   | HP: 15/68 [six-headed hydra (15)]
 17469 | Lair:1   | Killed a six-headed hydra
 17542 | Lair:1   | Reached skill level 13 in Dodging
 17794 | Lair:1   | Got a polished hand crossbow
 18024 | Lair:2   | Reached skill level 10 in Unarmed Combat
 18077 | Lair:2   | Lost mutation: Your mind is acute. (Int +2) [helix card]
 18081 | Lair:2   | Hired Seinorun the merfolk for 305 gold.
 18829 | Lair:3   | Noticed an eight-headed hydra
 18838 | Lair:3   | Killed an eight-headed hydra
 18838 | Lair:3   | Reached skill level 11 in Unarmed Combat
 18844 | Lair:3   | Noticed Harold
 18865 | Lair:3   | Killed Harold
 19312 | Lair:3   | Noticed a six-headed hydra
 19318 | Lair:3   | Killed a six-headed hydra
 19461 | Lair:4   | Reached skill level 12 in Unarmed Combat
 19654 | Lair:4   | Found a staircase to the Shoals.
 19666 | Lair:4   | Reached XP level 13. HP: 65/72 MP: 16/16
 19846 | Lair:4   | Reached skill level 13 in Unarmed Combat
 20616 | Lair:5   | Gained mutation: Your spells are a little harder to cast, but a little more powerful. [potion of beneficial mutation]
 20645 | Lair:5   | Reached skill level 14 in Unarmed Combat
 20646 | Lair:5   | HP: 15/72 [naga mage/bolt of poison (22)]
 20826 | Lair:5   | Found a staircase to the Snake Pit.
 21096 | Lair:5   | Noticed Maud
 21107 | Lair:5   | HP: 11/86 [Maud/enchanted double sword (38)]
 21108 | Lair:5   | Killed Maud
 21118 | Lair:5   | HP: 18/72 [fire drake/blast of flame (18)]
 21301 | Lair:5   | Reached skill level 2 in Fighting
 21784 | Lair:6   | Reached skill level 3 in Fighting
 21946 | Lair:6   | Reached skill level 4 in Fighting
 22418 | Lair:6   | Found a staircase to the Slime Pits.
 22423 | Lair:6   | Reached skill level 5 in Fighting
 23279 | Lair:7   | Reached skill level 6 in Fighting
 23680 | Lair:8   | Entered Level 8 of the Lair of Beasts
 23704 | Lair:8   | Reached skill level 7 in Fighting
 23704 | Lair:8   | Reached XP level 14. HP: 92/92 MP: 15/17
 23737 | Lair:8   | Learned a level 5 spell: Blade Hands
 23790 | Lair:8   | Reached skill level 8 in Fighting
 24062 | Lair:8   | Reached skill level 9 in Fighting
 25029 | Orc:1    | Entered Level 1 of the Orcish Mines
 25084 | Orc:1    | Found Giker's Food Shop.
 25098 | Orc:1    | Reached skill level 10 in Fighting
 25376 | Orc:3    | Found Enafyrim's Distillery.
 25378 | Orc:3    | Found a staircase to the Elven Halls.
 25424 | Orc:3    | Bought a potion of beneficial mutation for 490 gold pieces
 25424 | Orc:3    | Bought a potion of haste for 140 gold pieces
 25424 | Orc:3    | Bought a potion of heal wounds for 70 gold pieces
 25424 | Orc:3    | Bought a potion of might for 56 gold pieces
 25424 | Orc:3    | Gained mutation: Your natural rate of healing is unusually fast. [potion of beneficial mutation]
 25949 | Orc:4    | Entered Level 4 of the Orcish Mines
 25980 | Orc:4    | Found a frozen archway.
 26004 | IceCv    | Entered an ice cave
 26367 | IceCv    | Found an ancient bone altar of Kikubaaqudgha.
 26405 | IceCv    | Reached skill level 11 in Fighting
 27106 | Orc:4    | Noticed Donald
 27129 | Orc:4    | HP: 30/121 [Donald/demon trident of freezing (23)]
 27140 | Orc:4    | Killed Donald
 27263 | Orc:4    | Found Boriso's Magic Scroll Shop.
 27265 | Orc:4    | Found Domikebeb's Food Boutique.
 27341 | Orc:4    | Bought a scroll of identify for 26 gold pieces
 27341 | Orc:4    | Bought a scroll of identify for 26 gold pieces
 27408 | Orc:4    | Reached skill level 12 in Fighting
 27463 | Orc:4    | HP: 20/123 [orc knight/halberd (12)]
 27464 | Orc:4    | HP: 2/123 [orc warrior/glaive (33)]
 27580 | Orc:4    | Reached XP level 15. HP: 109/109 MP: 16/18
 27603 | Orc:4    | Found Suavyuma's Book Emporium.
 27603 | Orc:4    | Found a one-way gate leading to the halls of Pandemonium.
 27603 | Orc:4    | Found Con Teu's Antique Armour Shoppe.
 27607 | Orc:4    | Reached skill level 13 in Fighting
 27625 | Orc:4    | Bought a book of Transfigurations for 880 gold pieces
 28311 | Snake:1  | Entered Level 1 of the Snake Pit
 28365 | Snake:1  | Upgraded the game from 0.17-a0-995-gb5fa8d7 to 0.17-a0-1011-gfa70bdd
 28390 | Snake:1  | Your ally Seinorun died
 28457 | Snake:1  | Reached skill level 15 in Unarmed Combat
 28803 | Snake:1  | HP: 29/132 [naga sharpshooter/bolt (8)]
 29120 | Snake:1  | HP: 23/132 [naga sharpshooter/bolt (20)]
 29628 | Snake:1  | Noticed Aizul
 30039 | Snake:1  | Got a slimy blowgun
 30322 | Snake:1  | Killed Aizul
 30456 | Snake:1  | Identified the +5 blowgun of the Special Souls {evade, Int+4 Stlth+} (You took it off a naga on level 1 of the Snake Pit)
 30708 | Snake:2  | Reached skill level 16 in Unarmed Combat
 30803 | Snake:2  | Noticed a greater naga
 31091 | Snake:2  | Killed a greater naga
 31421 | Snake:2  | HP: 22/110 [shock serpent (10)]
 31569 | Snake:1  | Reached skill level 11 in Transmutations
 31860 | Snake:3  | HP: 27/132 [shock serpent/bolt of electricity (26)]
 32224 | Snake:3  | Found Bevich's Distillery.
 32232 | Snake:3  | Bought 2 potions of curing for 108 gold pieces
 32232 | Snake:3  | Bought a potion of heal wounds for 90 gold pieces
 32232 | Snake:3  | Bought a potion of curing for 54 gold pieces
 32232 | Snake:3  | Bought a potion of curing for 54 gold pieces
 32232 | Snake:3  | Bought a potion of curing for 54 gold pieces
 32992 | Snake:3  | Reached skill level 14 in Fighting
 33348 | Snake:4  | Entered Level 4 of the Snake Pit
 33483 | Snake:4  | Reached XP level 16. HP: 120/120 MP: 14/19
 33535 | Snake:4  | Found Wahalom's Antique Weapon Boutique.
 33981 | Snake:4  | HP: 36/144 [naga sharpshooter/bolt (14)]
 34243 | Snake:4  | Reached skill level 15 in Fighting
 34431 | Snake:4  | Reached skill level 1 in Invocations
 34465 | Snake:4  | Reached skill level 2 in Invocations
 34536 | Snake:4  | Reached skill level 3 in Invocations
 34598 | Snake:4  | Noticed a greater naga
 34608 | Snake:4  | Noticed a greater naga
 34622 | Snake:4  | Killed a greater naga
 34622 | Snake:4  | Reached skill level 4 in Invocations
 34640 | Snake:4  | Killed a greater naga
 34650 | Snake:4  | Reached skill level 5 in Invocations
 34765 | Snake:4  | Reached skill level 6 in Invocations
 34771 | Snake:4  | Noticed a greater naga
 34916 | Snake:4  | Killed a greater naga
 34921 | Snake:4  | Reached skill level 7 in Invocations
 35108 | Snake:4  | Reached skill level 8 in Invocations
 35136 | Snake:4  | HP: 35/146 [shock serpent/electric aura (6)]
 35182 | Snake:4  | Reached skill level 9 in Invocations
 35647 | Snake:4  | Noticed a greater naga
 36043 | Snake:4  | Reached skill level 10 in Invocations
 36071 | Snake:4  | Killed a greater naga
 36114 | Snake:4  | HP: 29/146 [greater naga/club (23)]
 36123 | Snake:4  | HP: 35/146 [greater naga/splash of poison (3)]
 36128 | Snake:4  | HP: 35/146 [greater naga/bolt of poison (11)]
 36431 | Snake:4  | Reached skill level 11 in Invocations
 36543 | Snake:4  | Noticed a greater naga
 36633 | Snake:4  | Reached XP level 17. HP: 127/127 MP: 16/25
 36698 | Snake:4  | Noticed a greater naga
 36718 | Snake:4  | Killed a greater naga
 36732 | Snake:4  | Noticed a greater naga
 36735 | Snake:4  | Killed a greater naga
 36823 | Snake:4  | Got a serpentine rune of Zot
 37110 | Snake:4  | Killed a greater naga
 37166 | Snake:3  | HP: 26/127 [naga sharpshooter/arrow (30)]
 37172 | Snake:3  | HP: 21/127 [naga sharpshooter/arrow (6)]
 37181 | Snake:3  | HP: 20/127 [naga sharpshooter/bolt (12)]
 37182 | Snake:3  | Shot with a bolt by a naga sharpshooter

Vault maps used:
D:1:      elethiomel_arrival_maze
D:2:      lemuel_doored_altar, minmay_misc_feat_four_crosses, uniq_jessica
D:3:      elyvilon_altar_4, grunt_qazlal_sundering
D:4:      zin_treasury, first_bread
D:5:      minmay_misc_feat_five, uniq_duvessa, uniq_sigmund
D:6:      okawaru_metal_pillars_1_2, temple_statues, nicolae_evil_shop
D:7:      corner_web_ring, the_bakery
D:9:      lemuel_troll_bridge, kennysheep_mini_moat,
          lemuel_coloured_pillars_altar, nicolae_overflow_crystal_walls,
          ashenzari_altar_1, grunt_temple_overflow_diamond, serial_ice,
          serial_ice_b, serial_ice_m, serial_ice_i, serial_ice_f
D:10:     dpeg_oklobed_lair, orc_0_dummy
D:11:     minmay_nine_imps
D:12:     kennysheep_boxes
Lair:2:   minivault_25
Lair:3:   serial_bayou_pond_c, serial_bayou_crossing, uniq_harold
Lair:4:   elwin_shoals_entry_stream, serial_bayou_shore_a,
          infiniplex_staircase_pool, wad_woods_river_01
Lair:5:   minmay_snake_entry_spellcaster, uniq_maud
Lair:6:   nicolae_slime_entry_slimehenge
Lair:7:   serial_forest, infiniplex_forest_lined_ring,
          infiniplex_forest_clump_small, infiniplex_forest_straight_5,
          infiniplex_forest_clump_diagonal, columned_hall_lemuel
Lair:8:   hangedman_lair_tendril_chambers, grunt_megastairs_4,
          lemuel_fruit_fields
Snake:1:  uniq_aizul
Snake:2:  serial_bayou_pond_a
Snake:3:  serial_shops, shop
Snake:4:  snake_pit, serial_shops, nicolae_shop_window_shopping
Orc:1:    serial_shops, shop
Orc:3:    serial_shops, nicolae_shop_window_shopping, nicolae_orc_pool_cavern
Orc:4:    pf_orc_diabolical, special_room, portal_ice_cave_entry_imps,
          uniq_donald
IceCv:    ice_cave_small_necro

Action                   |  1- 3 |  4- 6 |  7- 9 | 10-12 | 13-15 | 16-18 || total
-------------------------+-------+-------+-------+-------+-------+-------++-------
Melee: Unarmed           |    68 |   157 |   345 |   541 |   919 |   363 ||  2393
 Fire: Blowgun           |       |    29 |    57 |    47 |       |       ||   133
Throw: Stone             |     1 |    34 |   142 |    29 |    43 |     3 ||   252
 Cast: Beastly Appendage |    16 |    25 |    12 |     6 |       |       ||    59
       Sticks to Snakes  |     2 |    12 |    18 |    13 |       |       ||    45
       Spider Form       |       |     5 |    15 |    29 |    21 |       ||    70
       Ice Form          |       |       |       |    39 |    84 |    29 ||   152
       Ignite Poison     |       |       |       |     4 |     4 |       ||     8
       Blade Hands       |       |       |       |       |     2 |     3 ||     5
 Abil: End Transformatio |       |     1 |       |     3 |    25 |     6 ||    35
Evoke: Wand              |       |       |       |     9 |     1 |       ||    10
       Deck              |       |       |       |     3 |     6 |     2 ||    11
       Phantom mirror    |       |       |       |       |     1 |       ||     1
  Use: Scroll            |       |     8 |     9 |    20 |    22 |     3 ||    62
       Potion            |       |     2 |     5 |     7 |    11 |    11 ||    36
 Stab: Sleeping          |     2 |     6 |    16 |    26 |     8 |       ||    58
       Distracted        |       |     1 |     5 |     4 |     8 |     4 ||    22
  Eat: Chunk             |     2 |    13 |    18 |    28 |    40 |     9 ||   110
       Beef jerky        |       |     1 |       |     1 |     2 |       ||     4
       Royal jelly       |       |       |     1 |     2 |     1 |       ||     4
       Meat ration       |       |       |       |     1 |     1 |       ||     2
       Bread ration      |       |       |       |     1 |     4 |     2 ||     7
       Fruit             |       |       |       |     2 |     1 |       ||     3
       Pizza             |       |       |       |       |     2 |       ||     2

Vault maps used:
D:1:      elethiomel_arrival_maze
D:2:      lemuel_doored_altar, minmay_misc_feat_four_crosses, uniq_jessica
D:3:      elyvilon_altar_4, grunt_qazlal_sundering
D:4:      zin_treasury, first_bread
D:5:      minmay_misc_feat_five, uniq_duvessa, uniq_sigmund
D:6:      okawaru_metal_pillars_1_2, temple_statues, nicolae_evil_shop
D:7:      corner_web_ring, the_bakery
D:9:      lemuel_troll_bridge, kennysheep_mini_moat,
          lemuel_coloured_pillars_altar, nicolae_overflow_crystal_walls,
          ashenzari_altar_1, grunt_temple_overflow_diamond, serial_ice,
          serial_ice_b, serial_ice_m, serial_ice_i, serial_ice_f
D:10:     dpeg_oklobed_lair, orc_0_dummy
D:11:     minmay_nine_imps
D:12:     kennysheep_boxes
Lair:2:   minivault_25
Lair:3:   serial_bayou_pond_c, serial_bayou_crossing, uniq_harold
Lair:4:   elwin_shoals_entry_stream, serial_bayou_shore_a,
          infiniplex_staircase_pool, wad_woods_river_01
Lair:5:   minmay_snake_entry_spellcaster, uniq_maud
Lair:6:   nicolae_slime_entry_slimehenge
Lair:7:   serial_forest, infiniplex_forest_lined_ring,
          infiniplex_forest_clump_small, infiniplex_forest_straight_5,
          infiniplex_forest_clump_diagonal, columned_hall_lemuel
Lair:8:   hangedman_lair_tendril_chambers, grunt_megastairs_4,
          lemuel_fruit_fields
Snake:1:  uniq_aizul
Snake:2:  serial_bayou_pond_a
Snake:3:  serial_shops, shop
Snake:4:  snake_pit, serial_shops, nicolae_shop_window_shopping
Orc:1:    serial_shops, shop
Orc:3:    serial_shops, nicolae_shop_window_shopping, nicolae_orc_pool_cavern
Orc:4:    pf_orc_diabolical, special_room, portal_ice_cave_entry_imps,
          uniq_donald
IceCv:    ice_cave_small_necro

Table legend:
 A = Turns spent in this place as a percentage of turns spent in the entire game.
 B = Non-inter-level travel turns spent in this place as a percentage of non-inter-level travel turns spent in the entire game.
 C = Inter-level travel turns spent in this place as a percentage of turns spent in this place.
 D = Turns resting spent in this place as a percentage of non-inter-level travel turns spent in this place.
 E = Turns spent auto-exploring this place as a percentage of non-inter-level travel turns spent in this place.
 F = Non-inter-level travel turns spent in this place divided by the number of levels of this place that you've seen.
                   A       B       C       D       E      F
               +-------+-------+-------+-------+-------+----------------------
         Total | 100.0 | 100.0 |   0.3 |   3.3 |   4.2 | 559.8
       Dungeon |  40.2 |  40.2 |   0.4 |   4.1 |   4.4 | 543.5
          Lair |  23.5 |  23.5 |   0.3 |   2.0 |   4.6 | 477.4
     Snake Pit |  25.3 |  25.3 |   0.1 |   4.5 |   2.5 | 1028.0
  Orcish Mines |   8.1 |   8.1 |   0.5 |   0.2 |   8.0 | 328.0
      Ice Cave |   2.9 |   2.9 |   0.0 |   2.6 |   1.5 | 470.0
               +-------+-------+-------+-------+-------+----------------------

Table legend:
 A = Kills in this place as a percentage of kills in entire the game.
 B = Kills by you in this place as a percentage of kills by you in the entire game.
 C = Kills by friends in this place as a percentage of kills by friends in the entire game.
 D = Other kills in this place as a percentage of other kills in the entire game.
 E = Experience gained in this place as a percentage of experience gained in the entire game.
 F = Experience gained in this place divided by the number of levels of this place that you have seen.
                   A       B       C       D       E      F
               +-------+-------+-------+-------+-------+----------------------
         Total | 100.0 | 100.0 | 100.0 |  -nan | 100.0 | 6518.3
       Dungeon |  35.6 |  44.8 |   4.4 |  -nan |  10.1 | 1595.8
          Lair |  24.4 |  17.3 |  48.5 |  -nan |  25.0 | 5908.1
     Snake Pit |  15.9 |  19.9 |   2.2 |  -nan |  52.3 | 24712.5
  Orcish Mines |  18.8 |  11.1 |  45.0 |  -nan |   9.2 | 4352.5
      Ice Cave |   5.3 |   6.9 |   0.0 |  -nan |   3.4 | 6357.0
               +-------+-------+-------+-------+-------+----------------------
